 Dungeon Crawl Stone Soup version 0.31.0-12-g77e489cdc1 (webtiles) character file.

Game seed: 3835648546783402852

149 Gadfly the Ducker (level 5, -2/41 HPs)
             Began as a Demonspawn Monk on Feb 23, 2024.
             Slain by a gnoll
             ... wielding a +0 spear
              (5 damage)
             ... on level 3 of the Dungeon.
             The game lasted 00:02:49 (2299 turns).

Gadfly the Ducker (Demonspawn Monk)                 Turns: 2299, Time: 00:02:50

Health: -2/41      AC:  3    Str: 13    XL:     5   Next: 9%
Magic:  5/5        EV: 13    Int: 10    God:
Gold:   116        SH:  0    Dex: 16    Spells: 4/4 levels left

rFire   + .          .
                       - Unarmed
rCold   + . .        c - orb {light}
rNeg    + . .        a - +1 robe
rPois   +            (no helmet)
rElec   +            (no cloak)
rCorr   +            (no gloves)
SInv    .            (no boots)
Will    .....        (no amulet)
Stlth   +            g - ring of positive energy
HPRegen 0.26/turn    b - ring of poison resistance
MPRegen 0.09/turn

%: no passive effects
@: resistant, glowing
A: hooves 1, foul stench 1, demonic magic 1
a: no special abilities


You were on level 3 of the Dungeon.
You visited 1 branch of the dungeon, and saw 3 of its levels.

You collected 116 gold pieces.

Inventory:

Armour
 a - a +1 robe (worn)
 c - an orb of light (worn)
Jewellery
 b - a ring of poison resistance (right hand)
 g - a ring of positive energy (left hand)
Scrolls
 f - a scroll of identify
 h - a scroll of vulnerability {unknown}
Potions
 e - a potion of heal wounds
 i - a potion of haste


   Skills:
 - Level 3.0 Fighting
 + Level 3.3 Dodging
 + Level 3.2 Unarmed Combat
 * Level 2.6 Evocations
 * Level 2.0 Shapeshifting


You had 4 spell levels left.
You didn't know any spells.
Your spell library contained the following spells:

 Spells                   Type           Power      Damage    Failure   Level
 Summon Small Mammal      Summ           0%         N/A       36%         1
 Dimensional Bullseye     Hex/Tloc       0%         N/A       98%         4
 Dispersal                Tloc           0%         N/A       100%        6


Dungeon Overview and Level Annotations

Branches:
Dungeon (3/15)

Altars:


Innate Abilities, Weirdness & Mutations

You have large cloven feet.
You may rarely emit foul miasma when damaged in melee.
Spells you cast may paralyse adjacent enemies.


Message History

The gnoll is severely wounded.
The gnoll barely misses you. The gnoll misses you.
You hit the gnoll.
The gnoll is almost dead.
The gnoll hits you with a +0 flail!
The gnoll hits you from afar with a +0 spear!
* * * LOW HITPOINT WARNING * * *
You are too injured to fight recklessly!
You are too injured to fight recklessly!
You are too injured to fight recklessly!
You are too injured to fight recklessly!
You are too injured to fight recklessly!
You are too injured to fight recklessly!
You are too injured to fight recklessly!
You are too injured to fight recklessly!
You are too injured to fight recklessly!
You are too injured to fight recklessly!
You are too injured to fight recklessly!
You are too injured to fight recklessly!
You are too injured to fight recklessly!
You are too injured to fight recklessly!
You are too injured to fight recklessly!
You are too injured to fight recklessly!
You are too injured to fight recklessly!
You are too injured to fight recklessly!
You are too injured to fight recklessly!
You hit the gnoll.
You kill the gnoll!
The gnoll hits you from afar with a +0 spear.
* * * LOW HITPOINT WARNING * * *
It was a potion of resistance.
You feel protected. The gnoll misses you. The gnoll hits you with a +0 spear!
* * * LOW HITPOINT WARNING * * *
Items here: ( )))) ††.
You hit the gnoll.
The gnoll is moderately wounded.
The gnoll hits you with a +0 spear.
You die...

#####++ ..o...o ......o
....... ..gg. ##''##
####### #...o#######..#..#
+..gggog@..'..+h.#
#...o#######..#..# #≈~P
#########''''#############
#≈~.
.......................
#≈~.
~~~~~~~~~....~~~~~~~~≈≈
##≈~.
~~~≈≈≈≈≈~....~≈~≈≈~≈≈≈≈
≈≈≈~.
≈≈~~≈~~~~....~~~~~~≈~~~
~~~~.
..............†........
..P..
.............)†).......
.....


You could see a gnoll sergeant, 3 gnolls and 3 orcs.

Vanquished Creatures
  6 gnolls (D:3)
  4 adders
  A dart slug (D:1)
  A ribbon worm (D:3)
  4 orcs (D:3)
  A bat (D:1)
  4 endoplasms
  A giant cockroach (D:1)
  3 goblins
  2 hobgoblins
  4 jackals (D:3)
  5 kobolds
  3 quokkas
  4 ball pythons
  2 frilled lizards
  5 rats
50 creatures vanquished.

Notes
Turn   | Place    | Note
-------+----------+-------------------------------------------
     0 | D:1      | Gadfly the Demonspawn Monk began the quest for the Orb.
     0 | D:1      | Reached XP level 1. HP: 18/18 MP: 1/1
   205 | D:1      | Gained mutation: You have large cloven feet. [demonic
                  | ancestry]
   205 | D:1      | Reached XP level 2. HP: 24/24 MP: 2/2
   250 | D:1      | Got Sif Muna's Octavo of Position and the Gathering
   447 | D:1      | Reached skill level 1 in Evocations
   966 | D:2      | Reached skill level 1 in Shapeshifting
  1049 | D:2      | Gained mutation: You may rarely emit foul miasma when
                  | damaged in melee. [demonic ancestry]
  1049 | D:2      | Reached XP level 3. HP: 25/29 MP: 3/3
  1714 | D:3      | Reached XP level 4. HP: 27/35 MP: 4/4
  2266 | D:3      | Noticed a black bear
  2275 | D:3      | Noticed a gnoll sergeant
  2290 | D:3      | Gained mutation: Spells you cast may paralyse adjacent
                  | enemies. [demonic ancestry]
  2290 | D:3      | Reached XP level 5. HP: 36/41 MP: 5/5
  2299 | D:3      | Slain by a gnoll

Illustrated notes

Levels and vault maps discovered:
D:1:      psy_arrival_radial02, layout_loops_ring
D:2:      layout_basic, serial_forest, infiniplex_forest_clump_tiny,
          infiniplex_forest_clump_medium, infiniplex_forest_clump_medium,
          infiniplex_forest_clump_curved, infiniplex_forest_end_1,
          infiniplex_forest_clump_medium, minmay_strange_pillars,
          minmay_misc_feat_chi, chequers_serial_rivers_micro_c,
          chequers_serial_rivers_room_b, st_stairs_9, minmay_box_of_dots
D:3:      lemuel_castle_with_subvaults [lemuel_castle_interior_original],
          layout_basic, serial_aquarium, aquarium_bridge_straight
          [aquarium_subvault_bridge, aquarium_subvault_window,
          aquarium_subvault_bridge, aquarium_subvault_window],
          aquarium_window_double, aquarium_window_corridor_2, aquarium_window_2,
          aquarium_window_2, aquarium_view_2d, aquarium_view_2d,
          aquarium_balcony_1a, nrook_mini_vaults, lexackson_kobold_supper

Skill      XL: |  1  2  3  4 |
---------------+-------------+-----
Evocations     | 1 2 |  2.6
Shapeshifting  | 1 2 |  2.0
Dodging        | 3 |  3.3
Unarmed Combat | 3 |  3.2
Fighting       | |  3.0

Action                     |  1- 3 |  4- 6 || total
---------------------------+-------+-------++-------
  Melee: Unarmed           |    81 |    49 ||   130
         Kick              |    19 |    15 ||    34
    Use: Scroll            |     6 |     2 ||     8
         Potion            |       |     3 ||     3
 Armour: Robe              |    26 |    46 ||    72
  Dodge: Dodged            |    48 |    53 ||   101
